 Dungeon Crawl Stone Soup version 0.18.1-8-gdd0e5ea (webtiles) character file.

3257 sveltemanboy the Carver (level 9, -2/58 HPs)
             Began as a High Elf Skald on May 26, 2016.
             Was a Follower of Ashenzari.
             Slain by an orc warrior
             ... wielding a +0 short sword
              (15 damage)
             ... on level 7 of the Dungeon.
             The game lasted 00:28:41 (9771 turns).

sveltemanboy the Carver (High Elf Skald)            Turns: 9771, Time: 00:28:42

Health: -2/58      AC:  6    Str: 11    XL:     9   Next: 67%
Magic:  8/13       EV: 16    Int: 18    God:    Ashenzari [*.....]
Gold:   362        SH:  0    Dex: 18    Spells: 5 memorised, 1 level left

rFire  . . .     SeeInvis .     a - +1 falchion
rCold  . . .     Gourm    .     s - +0 leather armour (curse)
rNeg   . . .     Faith    .     (no shield)
rPois  .         Spirit   .     (no helmet)
rElec  .         Dismiss  .     g - +0 cloak
rCorr  +         Reflect  .     q - +1 pair of gloves {Dex+3}
SustAt .         Harm     .     (no boots)
MR     +....     Clarity  +     (no amulet)
Stlth  ++++......               m - ring of resist corrosion
                                p - ring of stealth

@: somewhat resistant to hostile enchantments, stealthy
A: repulsion field 1, clarity, dopey 1, magic resistance 1
a: Curse Item, Scrying, Renounce Religion


You were on level 7 of the Dungeon.
You worshipped Ashenzari.
Ashenzari was aware of your devotion.
You were not hungry.

You visited 2 branches of the dungeon, and saw 8 of its levels.

You collected 362 gold pieces.

Inventory:

Hand Weapons
 a - a +1 falchion (weapon)
Armour
 g - a +0 cloak (worn)
 q - a +1 pair of gloves of dexterity (worn)
 s - a cursed +0 leather armour (worn)
Jewellery
 m - a ring of resist corrosion (right hand)
 p - a ring of stealth (left hand)
 w - an uncursed ring of ice
Wands
 f - a wand of slowing (30/48)
 o - a wand of hasting (9/9)
Scrolls
 c - a scroll of enchant weapon
 h - 9 scrolls of identify
 i - 2 scrolls of teleportation
 k - 4 scrolls of fear
 v - 4 scrolls of magic mapping
Potions
 e - a potion of cure mutation
 r - 3 potions of flight
 t - a potion of brilliance
Books
 l - a book of Callings

   Spells                             Type                      Level
   a - Summon Small Mammal            Summoning                    1
   b - Call Imp                       Summoning                    2
   c - Call Canine Familiar           Summoning                    3
   d - Summon Guardian Golem          Hexes/Summoning              3
   e - Summon Lightning Spire         Summoning/Air                4
   f - Summon Ice Beast               Ice/Summoning                4
Comestibles
 b - 2 chunks of flesh
 d - 5 bread rations
 j - a slice of pizza
 u - a meat ration


   Skills:
 + Level 3.9 Fighting
 * Level 11.4 Long Blades
 + Level 3.8 Armour
 + Level 4.4 Dodging
 - Level 5.0 Stealth
 - Level 2.4 Spellcasting
 - Level 2.0 Hexes
 - Level 7.0 Charms


You had one spell level left.
You knew the following spells:

 Your Spells              Type           Power        Failure   Level  Hunger
a - Infusion              Chrm           ####         1%          1    #......
b - Shroud of Golubria    Chrm/Tloc      ##........   10%         2    ##.....
c - Spectral Weapon       Hex/Chrm       ###.....     12%         3    ###....
d - Regeneration          Chrm/Necr      ##........   17%         3    ###....
e - Call Imp              Summ           #.......     34%         2    ##.....


Dungeon Overview and Level Annotations

Branches:
Dungeon (7/15)             Temple (1/1) D:4

Altars:
Ashenzari
Dithmenos
Elyvilon
Fedhas
Gozag
Kikubaaqudgha
Nemelex Xobeh
Pakellas
Qazlal
Sif Muna
Trog
Vehumet
Xom
Yredelemnul
Zin

Shops:
D:4 %


Innate Abilities, Weirdness & Mutations

You are surrounded by a mild repulsion field (EV +2).
You possess an exceptional clarity of mind.
You are dopey. (Int -2)
You are resistant to hostile enchantments.


Message History

The orc hits you with a mace.
You hit the orc warrior but do no damage.
The orc priest barely misses your spectral weapon.
The orc warrior hits you with a short sword.
The orc warrior hits your spectral weapon with a short sword!!
Your spectral weapon shares its damage with you!
Your spectral weapon fades away.
The orc wizard gestures at you while chanting.
The magic dart hits you!
* * * LOW HITPOINT WARNING * * *
Casting: Spectral Weapon
Confirm with . or Enter, or press ? or * to list all spells.
You draw out your weapon's spirit!
The orc wizard closely misses your spectral weapon.
The orc priest hits your spectral weapon with a hand axe.
Your spectral weapon shares its damage with you!
* * * LOW HITPOINT WARNING * * *
The orc wizard barely misses your spectral weapon.
The orc warrior hits you with a short sword!
You die...

..........,,,........#.........#
..............#......#.........#
#......#...,,##..........#######
#..........###.......#####
##........##.........#
...<..#.#......#######
##..#.#..#....##
##..#......#...####
.......#.#...#..@.#
###.##.(.#.######o#####
..#.###....####..(o)..#
..............#o.o....#
..............#.).....#
#.##..........#.......# *****
#.##..................#** *,,,*
..............#.........* *,,,*
.###..........#....>..#.#***,,,*


You could see an orc warrior, an orc priest, an orc wizard and a friendly
spectral falchion.

Vanquished Creatures
  Pikel (D:4)
  Joseph (D:7)
  Grinder (D:6)
  Sigmund (D:2)
  Edmund (D:6)
  The ghost of deorigin the Changer, an amateur MfTm of Fedhas (D:3)
  A water moccasin (D:7)
  Duvessa (D:6)
  2 sky beasts (D:6)
  A phantom (D:3)
  An ogre (D:6)
  A centaur (D:6)
  Dowan (D:6)
  A scorpion (D:6)
  2 water moccasin skeletons (D:4)
  3 crimson imps
  A giant frog zombie (D:6)
  10 orc wizards
  A giant frog skeleton (D:5)
  4 hounds
  5 orc priests
  2 jellies
  3 worker ants
  A hound skeleton (D:5)
  5 adders
  4 gnolls (D:5)
  3 adder skeletons
  4 worms (D:2)
  3 dart slugs
  3 giant geckos
  37 orcs
  11 bats
  9 giant cockroaches
  9 goblins
  4 hobgoblins
  4 jackals (D:3)
  7 kobolds
  2 quokkas (D:2)
  4 ball pythons
  A giant gecko skeleton (D:4)
  11 giant newts
  2 quokka skeletons
  6 rats
  A spectral orc (D:2)
177 creatures vanquished.

Vanquished Creatures (others)
  A giant gecko (D:4)
  5 spectral weapons
6 creatures vanquished.

Grand Total: 183 creatures vanquished

Notes
Turn   | Place    | Note
--------------------------------------------------------------
     0 | D:1      | sveltemanboy the High Elf Skald began the quest for the Orb.
     0 | D:1      | Reached XP level 1. HP: 14/14 MP: 4/4
    20 | D:1      | Reached skill level 1 in Armour
   429 | D:1      | Found a sparkling altar of Nemelex Xobeh.
   501 | D:1      | Reached skill level 3 in Long Blades
   555 | D:1      | Reached XP level 2. HP: 19/19 MP: 6/6
   586 | D:1      | Learned a level 2 spell: Shroud of Golubria
  1241 | D:2      | Noticed Sigmund
  1885 | D:2      | Reached XP level 3. HP: 22/24 MP: 7/7
  1894 | D:2      | Learned a level 3 spell: Spectral Weapon
  2001 | D:2      | Reached skill level 4 in Long Blades
  2088 | D:2      | Killed Sigmund
  2088 | D:2      | Reached skill level 5 in Long Blades
  2088 | D:2      | Reached skill level 1 in Hexes
  2088 | D:2      | Reached XP level 4. HP: 25/29 MP: 1/8
  2088 | D:2      | Reached XP level 5. HP: 30/34 MP: 1/9
  2631 | D:2      | Found a basalt altar of Yredelemnul.
  3299 | D:3      | Reached skill level 6 in Long Blades
  3403 | D:3      | Reached skill level 5 in Charms
  3403 | D:3      | Reached XP level 6. HP: 13/39 MP: 5/10
  3416 | D:3      | HP: 1/39 [something (3)]
  3417 | D:3      | Gained mutation: You are dopey. (Int -2) [potion of mutation]
  3417 | D:3      | Gained mutation: Potions and wands are less effective at restoring your health. [potion of mutation]
  3417 | D:3      | Gained mutation: You are resistant to hostile enchantments. [potion of mutation]
  3581 | D:3      | Noticed deorigin's ghost (amateur MfTm)
  3592 | D:3      | Killed deorigin's ghost
  3592 | D:3      | Reached skill level 1 in Stealth
  3752 | D:3      | Reached skill level 7 in Long Blades
  3752 | D:3      | Reached XP level 7. HP: 3/45 MP: 6/11
  4381 | D:3      | Found a bloodstained altar of Trog.
  4440 | D:4      | Found Fusugg's Food Shoppe.
  4459 | D:4      | You fall through a shaft!
  4459 | D:5      | Entered Level 5 of the Dungeon
  4734 | D:4      | Gained mutation: You are surrounded by a mild repulsion field (EV +2). [potion of mutation]
  4734 | D:4      | Lost mutation: Potions and wands are less effective at restoring your health. [potion of mutation]
  4734 | D:4      | Gained mutation: You possess an exceptional clarity of mind. [potion of mutation]
  5324 | D:4      | Learned a level 3 spell: Regeneration
  5362 | D:4      | Reached skill level 8 in Long Blades
  5542 | D:4      | Noticed Pikel
  5565 | D:4      | Killed Pikel
  5565 | D:4      | Reached skill level 9 in Long Blades
  5565 | D:4      | Reached XP level 8. HP: 18/50 MP: 8/12
  5714 | D:4      | Found an opulent altar of Gozag.
  5785 | D:4      | Found a staircase to the Ecumenical Temple.
  6014 | Temple   | Entered the Ecumenical Temple
  6070 | Temple   | Became a worshipper of Ashenzari the Shackled
  6316 | D:5      | HP: 2/50 [orc wizard/puff of flame (12)]
  7643 | D:6      | Noticed Grinder
  7659 | D:6      | Killed Grinder
  7659 | D:6      | Reached skill level 10 in Long Blades
  7659 | D:6      | Reached skill level 5 in Stealth
  7815 | D:6      | Reached XP level 9. HP: 36/55 MP: 8/13
  7864 | D:6      | Noticed Duvessa
  7880 | D:6      | Noticed Dowan
  7880 | D:6      | Killed Duvessa
  7900 | D:6      | Killed Dowan
  8515 | D:6      | Noticed Edmund
  8551 | D:6      | Killed Edmund
  8968 | D:6      | Reached skill level 11 in Long Blades
  9062 | D:7      | Found an ancient bone altar of Kikubaaqudgha.
  9258 | D:7      | Noticed Joseph
  9268 | D:7      | Reached * piety under Ashenzari
  9306 | D:7      | HP: 2/57 [Joseph/quarterstaff (3)]
  9308 | D:7      | Killed Joseph
  9731 | D:7      | Learned a level 2 spell: Call Imp
  9771 | D:7      | Slain by an orc warrior

Skill      XL: |  1  2  3  4  5  6  7  8  9 |
---------------+----------------------------+-----
Armour         | 1 2 3 |  3.8
Long Blades    | 3 5 6 7 9 10 11 | 11.4
Charms         | 4 5 6 7 |  7.0
Hexes          | 1 2 |  2.0
Stealth        | 1 4 5 |  5.0
Dodging        | 2 4 |  4.4
Fighting       | 3 |  3.9
Spellcasting   | |  2.4

Action                   |  1- 3 |  4- 6 |  7- 9 || total
-------------------------+-------+-------+-------++-------
Melee: Falchion          |   125 |   129 |   543 ||   797
 Cast: Shroud of Golubri |     6 |     5 |     6 ||    17
       Spectral Weapon   |     2 |     9 |    23 ||    34
       Infusion          |       |     4 |     2 ||     6
  Use: Potion            |     2 |     4 |     7 ||    13
       Scroll            |       |       |    14 ||    14
 Stab: Sleeping          |     3 |     1 |    15 ||    19
       Distracted        |       |       |     6 ||     6
  Eat: Chunk             |     4 |     7 |    18 ||    29
       Meat ration       |       |       |     1 ||     1
Armor: Leather armour    |    25 |    33 |    98 ||   156
Dodge: Dodged            |    59 |    50 |   286 ||   395
